 Dungeon Crawl Stone Soup version 0.32-a0-672-gff75c0dad8 (webtiles) character file.

Game seed: 11401540836019799388

91 GeoRichter the Slasher (level 4, -2/33 HPs)
             Began as a Merfolk Warper on Mar 10, 2024.
             Slain by an orc
             ... wielding a +0 mace
              (7 damage)
             ... on level 3 of the Dungeon.
             The game lasted 00:03:19 (2250 turns).

GeoRichter the Slasher (Merfolk Warper)             Turns: 2250, Time: 00:03:20

Health: -2/33      AC:  3    Str: 11    XL:     4   Next: 57%
Magic:  7/7        EV: 12    Int: 12    God:
Gold:   142        SH:  0    Dex: 15    Spells: 7/7 levels left

rFire   . . .        a - +0 falchion
rCold   . . .        (no shield)
rNeg    . . .        b - +0 leather armour
rPois   .            (no helmet)
rElec   .            (no cloak)
rCorr   .            (no gloves)
SInv    .            (no boots)
Will    .....        (no amulet)
Stlth   +            (no ring)
HPRegen 0.25/turn    (no ring)
MPRegen 0.10/turn

%: no passive effects
@: no status effects
A: (nimble swimmer 2), mertail
a: no special abilities


You were on level 3 of the Dungeon.
You visited 1 branch of the dungeon, and saw 3 of its levels.

You collected 142 gold pieces.

Inventory:

Hand Weapons
 a - a +0 falchion (weapon)
Missiles
 d - 7 darts of dispersal (quivered) {!f}
Armour
 b - a +0 leather armour (worn)
Scrolls
 c - a scroll of blinking
 f - a scroll of enchant armour {unknown}
 h - 2 scrolls of amnesia {unknown}
 i - a scroll of enchant weapon {unknown}
 j - a scroll of teleportation {unknown}
Potions
 e - a potion of mutation {unknown}
 g - 2 potions of curing {unknown}


   Skills:
 - Level 2.1 Fighting
 * Level 5.6 Long Blades
 - Level 1.0 Throwing
 - Level 0.6 Armour
 - Level 2.6 Dodging
 - Level 2.0 Spellcasting
 - Level 2.4 Translocations


You had 7 spell levels left.
You didn't know any spells.
Your spell library contained the following spells:

 Spells                   Type           Power      Damage    Failure   Level
 Blink                    Tloc           12%        N/A       21%         2
 Lesser Beckoning         Tloc           12%        N/A       21%         2
 Teleport Other           Tloc           6%         N/A       38%         3
 Static Discharge         Conj/Air       2%         3-4/arc   47%         2
 Manifold Assault         Tloc           6%         N/A       80%         4
 Vhi's Electric Charge    Tloc/Air       8%         N/A       91%         4
 Airstrike                Air            0%         2d(1-17)  98%         4
 Summon Lightning Spire   Summ/Air       1%         N/A       98%         4
 Summon Forest            Summ/Tloc      2%         N/A       99%         5
 Eringya's Noxious Bog    Alch           0%         4d6       100%        6
 Summon Hydra             Summ           0%         N/A       100%        7


Dungeon Overview and Level Annotations

Branches:
Dungeon (3/15) Zot: 15737

Altars:


Innate Abilities, Weirdness & Mutations

((You are very nimble when in or above water. (Stealth+, EV+, Speed+++)))
Your lower body shifts to a powerful aquatic tail in water.


Message History

The orc shouts!
An orc comes into view. It is wielding a +0 club.
You closely miss the orc. The orc closely misses you.
The orc shouts!
You slash the orc!
You kill the orc!
You hit the orc.
The orc is moderately wounded.
The orc hits you with a +0 flail.
You closely miss the orc.
The orc is moderately wounded.
The orc completely misses you.
You barely miss the orc.
The orc is moderately wounded.
The orc hits you with a +0 flail.
You barely miss the orc.
The orc is moderately wounded.
The orc closely misses you.
You barely miss the orc.
The orc is moderately wounded.
The orc hits you with a +0 flail.
You barely miss the orc.
The orc is moderately wounded.
The orc hits you with a +0 flail.
You are too injured to fight recklessly!
You are too injured to fight recklessly!
Unknown command.
You slash the orc!
You kill the orc!
You slash the orc!
You kill the orc!
You hit the orc.
The orc is moderately wounded.
The orc hits you with a +0 mace.
* * * LOW HITPOINT WARNING * * *
You closely miss the orc.
The orc is moderately wounded.
The orc hits you with a +0 mace.
* * * LOW HITPOINT WARNING * * *
You closely miss the orc.
The orc is lightly wounded.
The orc closely misses you.
You hit the orc.
The orc is heavily wounded.
The orc hits you with a +0 mace.
* * * LOW HITPOINT WARNING * * *
You barely miss the orc.
The orc is heavily wounded.
The orc hits you with a +0 mace!
You die...

#### ... #.########
#####......... ####...
#...###### ###
.......##........##.....
#...........†........
####@##.###.#.†......
#o##.# #.####..###
#o##.# #.# #..# # #.##.#
#.# #..# # #.##.# #.#
#..### #.##.# #.# #.....
#.##.# #.# ##.### #.##.#
#.#####.### #.#
#....=.....


You could see 2 orcs.

Vanquished Creatures
  2 adders
  3 dart slugs (D:2)
  2 ribbon worms (D:2)
  4 orcs (D:3)
  2 ball pythons (D:1)
  3 endoplasms
  2 giant cockroaches
  6 goblins
  7 hobgoblins
  4 jackals (D:1)
  3 quokkas
  5 bats
  3 frilled lizards (D:1)
  3 kobolds (D:1)
  4 rats
53 creatures vanquished.

Notes
Turn   | Place    | Note
-------+----------+-------------------------------------------
     0 | D:1      | GeoRichter the Merfolk Warper began the quest for the Orb.
     0 | D:1      | Reached XP level 1. HP: 16/16 MP: 3/3
   154 | D:1      | Reached skill level 3 in Long Blades
   220 | D:1      | Reached XP level 2. HP: 13/22 MP: 5/5
   678 | D:1      | Reached skill level 4 in Long Blades
   921 | D:1      | Reached XP level 3. HP: 17/27 MP: 6/6
  1678 | D:2      | Reached skill level 5 in Long Blades
  1692 | D:2      | Reached XP level 4. HP: 33/33 MP: 7/7
  2250 | D:3      | Slain by an orc

Illustrated notes

Levels and vault maps discovered:
D:1:      dpeg_arrival_arbitrary_c, layout_basic, patterned_corridor
D:2:      layout_loops_ring, chequers_serial_rivers_micro_e, chequers_jeans
D:3:      layout_loops_ring

Skill      XL: |  1  2  3 |
---------------+----------+-----
Long Blades    | 3 4 5 |  5.6
Fighting       | |  2.1
Throwing       | |  1.0
Armour         | |  0.6
Dodging        | |  2.6
Spellcasting   | |  2.0
Translocations | |  2.4

Action                     |  1- 3 |  4- 6 || total
---------------------------+-------+-------++-------
  Melee: Falchion          |   120 |    52 ||   172
         Tailslap          |     2 |       ||     2
   Stab: Sleeping          |     1 |       ||     1
 Armour: Leather armour    |    72 |    38 ||   110
  Dodge: Dodged            |    67 |    22 ||    89

Table legend: (Time is in decaauts)
 A = Elapsed time spent in this place.
 B = Non-inter-level travel time spent in this place.
 C = Inter-level travel time spent in this place.
 D = Time resting spent in this place.
 E = Time spent auto-exploring this place.
 F = Levels seen in this place.
 G = Mean time per level.
                   A        B        C        D        E       F      G
               +--------+--------+--------+--------+--------+-----+--------+
         Total |   2261 |   2146 |    115 |     25 |   1685 |   3 |  753.7 |
       Dungeon |   2261 |   2146 |    115 |     25 |   1685 |   3 |  753.7 |
               +--------+--------+--------+--------+--------+-----+--------+

Top non-repeatable levels by time:
     D:1: 1354 daAuts
     D:2: 768 daAuts
     D:3: 138 daAuts
